[Event "FIDE World Rapid Chess Championship 2021"]
[White "Kobalia, Mikhail"]
[Black "Wieczorek, Oskar"]
[WhiteFideId "4119150"]
[BlackFideId "1133950"]
[WhiteElo "2543"]
[BlackElo "2367"]
[Result "1-0"]
[Round "12"]
[TimeControl "900+10"]
[Date "2021.12.28"]
[WhiteClock "0:03:44"]
[BlackClock "0:00:17"]

1. e4 c5 2. Nf3 g6 3. d4 cxd4 4. Nxd4 Nc6 5. c4 Nf6 6. Nc3 d6 7. Be2 Nxd4 8. Qxd4 Bg7 9. Bg5 O-O 10. Qe3 Be6 11. O-O Qb6 12. Rab1 Qxe3 13. Bxe3 a6 14. Rfc1 Rfc8 15. b3 Nd7 16. Nd5 Kf8 17. Bg5 f6 18. Be3 f5 19. Bg5 Bxd5 20. exd5 Bd4 21. Rd1 Ba7 22. Kf1 Kf7 23. Rb2 Nf6 24. Bd3 Rc7 25. Re1 Bd4 26. Rbe2 Bc3 27. Rb1 Be5 28. g3 h6 29. Bd2 h5 30. Ba5 Rd7 31. Bb6 f4 32. Kg2 h4 33. gxf4 Bxf4 34. h3 Rh8 35. Re6 Rh5 36. Kf3 Bh2 37. Rh1 Be5 38. Rg1 g5 39. Bf5 Rh6 40. Rxg5 Nh7 41. Rxh6 Nxg5+ 42. Kg4 1-0


[Site "http://www.Chess.com"]

[Event "FIDE World Rapid Chess Championship 2021"]
[White "Gagunashvili, Merab"]
[Black "Faizrakhmanov, Ramil"]
[WhiteFideId "13601652"]
[BlackFideId "24103209"]
[WhiteElo "2538"]
[BlackElo "2461"]
[Result "1-0"]
[Round "12"]
[TimeControl "900+10"]
[Date "2021.12.28"]
[WhiteClock "0:00:59"]
[BlackClock "0:00:25"]

1. d4 Nf6 2. c4 e6 3. Nc3 Bb4 4. Qc2 c5 5. dxc5 Qc7 6. a3 Bxc5 7. Nf3 a6 8. Bg5 Be7 9. e4 d6 10. Be2 Nbd7 11. O-O b6 12. Nd4 Bb7 13. Kh1 O-O 14. Rad1 Rfe8 15. f3 Rac8 16. a4 h6 17. Bh4 Ne5 18. b3 Ng6 19. Bf2 Nf4 20. Qd2 Nxe2 21. Ndxe2 Red8 22. Qe3 Nd7 23. Bg3 Nc5 24. Rb1 Bc6 25. Rfd1 Qb7 26. Nd4 Be8 27. Qe2 Bf6 28. Qe3 Qe7 29. Nde2 Be5 30. Rd2 Qf6 31. f4 Bxc3 32. Nxc3 Bc6 33. Rxd6 Rxd6 34. e5 Rd3 35. Qxd3 Nxd3 36. exf6 gxf6 37. Rd1 Nc5 38. Bf2 Nxb3 39. Bxb6 f5 40. a5 Kf8 41. Na2 Ke8 42. Rd3 Ba4 43. c5 Rc6 44. Nb4 Rc8 45. c6 Nxa5 46. Bxa5 Bxc6 47. Nxc6 Rxc6 48. g3 f6 49. Rd8+ Kf7 50. Rd7+ Kg6 51. Bc7 Rc2 52. Bd8 e5 53. Rd6 Kh5 54. h3 exf4 55. gxf4 Rf2 56. Bxf6 Rxf4 57. Bg7 Ra4 58. Rxh6+ Kg5 59. Rd6 Kh4 60. Rd3 Ra2 61. Rf3 a5 62. Bf6+ Kh5 63. Rxf5+ Kg6 64. Rf3 a4 65. Bd4 a3 66. Rf2 1-0


[Site "http://www.Chess.com"]

[Event "FIDE World Rapid Chess Championship 2021"]
[White "Gabuzyan, Hovhannes"]
[Black "Kosakowski, Jakub"]
[WhiteFideId "13303732"]
[BlackFideId "1185080"]
[WhiteElo "2535"]
[BlackElo "2304"]
[Result "0-1"]
[Round "12"]
[TimeControl "900+10"]
[Date "2021.12.28"]
[WhiteClock "0:09:27"]
[BlackClock "0:02:22"]

1. e4 c5 2. Nf3 d6 3. d4 cxd4 4. Nxd4 Nf6 5. Nc3 a6 6. Bg5 e6 7. f4 h6 8. Bh4 Qb6 9. Qd2 Qxb2 10. Rb1 Qa3 11. e5 dxe5 12. fxe5 Nfd7 13. Ne4 Qxa2 14. Rd1 Qd5 15. Qe3 Qxe5 16. Be2 Bc5 17. Bg3 Qd5 18. c4 Bxd4 19. Rxd4 Qa5+ 20. Rd2 O-O 21. O-O f5 22. Bd6 fxe4 23. Bxf8 Nxf8 24. Bg4 Nbd7 25. Rdf2 Qg5 26. Qg3 h5 27. Qd6 Nf6 28. Bxh5 Bd7 29. g4 e3 30. Rg2 Bc6 31. h4 Qxh4 32. Rh2 Qg5 33. Qe7 N8h7 34. Rd1 Nxh5 35. Qxe6+ Kh8 36. Rxh5 Qf4 0-1


[Site "http://www.Chess.com"]

[Event "FIDE World Rapid Chess Championship 2021"]
[White "Mikhalevski, Victor"]
[Black "Oparin, Grigoriy"]
[WhiteFideId "2801914"]
[BlackFideId "24125890"]
[WhiteElo "2366"]
[BlackElo "2725"]
[Result "0-1"]
[Round "12"]
[TimeControl "900+10"]
[Date "2021.12.28"]
[WhiteClock "0:00:00"]
[BlackClock "0:03:45"]

1. Nf3 Nf6 2. g3 d5 3. Bg2 g6 4. O-O Bg7 5. d4 O-O 6. c4 dxc4 7. Na3 a5 8. Nxc4 a4 9. Bf4 Be6 10. Nfe5 Bd5 11. f3 Bxc4 12. Nxc4 Nd5 13. Bc1 Nc6 14. e3 b5 15. Na3 b4 16. Nc4 Na5 17. Qe2 c5 18. dxc5 a3 19. Rd1 e6 20. Nb6 Qc7 21. Nxa8 Rxa8 22. f4 Qxc5 23. Rb1 b3 24. Bxd5 exd5 25. Bd2 bxa2 26. Ra1 axb2 27. Rxa2 Qc2 28. Ra3 Bf8 29. Rc3 b1=Q 30. Rxb1 Qxb1+ 31. Rc1 Qb2 0-1


[Site "http://www.Chess.com"]

[Event "FIDE World Rapid Chess Championship 2021"]
[White "Smirin, Ilia"]
[Black "Nevednichy, Vladislav"]
[WhiteFideId "2801990"]
[BlackFideId "1205730"]
[WhiteElo "2663"]
[BlackElo "2425"]
[Result "1-0"]
[Round "12"]
[TimeControl "900+10"]
[Date "2021.12.28"]
[WhiteClock "0:00:58"]
[BlackClock "0:00:44"]

1. e4 c5 2. Nf3 d6 3. d4 cxd4 4. Nxd4 Nf6 5. Nc3 Nc6 6. Bg5 e6 7. Qd2 a6 8. O-O-O Bd7 9. f3 Be7 10. h4 h6 11. Be3 h5 12. Nxc6 Bxc6 13. Ne2 d5 14. e5 Nd7 15. f4 Nc5 16. Nd4 g6 17. Nxc6 bxc6 18. Qc3 Qb6 19. Rh3 Rb8 20. Bd4 Ne4 21. Bxb6 Nxc3 22. Ba7 Nxd1 23. Bxb8 Nf2 24. Rb3 O-O 25. Bxa6 Bxh4 26. Bd6 Ra8 27. Rb8+ Rxb8 28. Bxb8 Bg3 29. a4 Bxf4+ 30. Kb1 Ng4 31. a5 Nxe5 32. Bc8 g5 33. a6 Nc4 34. a7 Nb6 35. Bb7 h4 36. Bxc6 f5 37. Ka2 Be3 38. Kb3 f4 39. Kb4 g4 40. Bc7 Na8 41. Bxa8 Bxa7 42. Bxf4 Kf7 43. c4 dxc4 44. Kxc4 h3 45. gxh3 gxh3 46. Be4 Bg1 47. b4 Kf6 48. Kb5 e5 49. Bd2 Ke7 50. Kc6 Kd8 51. b5 Kc8 52. Bf5+ Kb8 53. Bxh3 1-0


[Site "http://www.Chess.com"]

[Event "FIDE World Rapid Chess Championship 2021"]
[White "Heberla, Bartlomiej"]
[Black "Erdos, Viktor"]
[WhiteFideId "1115120"]
[BlackFideId "719978"]
[WhiteElo "2437"]
[BlackElo "2601"]
[Result "1-0"]
[Round "12"]
[TimeControl "900+10"]
[Date "2021.12.28"]
[WhiteClock "0:00:46"]
[BlackClock "0:00:19"]

1. e4 e5 2. Nf3 Nc6 3. Bb5 a6 4. Ba4 Nf6 5. O-O b5 6. Bb3 Bc5 7. c3 d6 8. d4 Bb6 9. a4 Rb8 10. a5 Ba7 11. h3 O-O 12. Be3 Nxe4 13. Bd5 exd4 14. cxd4 Qe8 15. Re1 Nf6 16. Bg5 Nxd5 17. Rxe8 Rxe8 18. Nc3 Be6 19. Nxd5 Bxd5 20. Be3 Re6 21. Nh4 Rbe8 22. Rc1 Nxa5 23. Rxc7 Bb6 24. Rxf7 Kxf7 25. Qh5+ Kf8 26. Qxd5 Nc4 27. Nf5 Rf6 28. Bg5 Rg6 29. Nh4 Rge6 30. b3 h6 31. bxc4 hxg5 32. Nf5 Rf6 33. cxb5 axb5 34. g4 g6 35. Nh6 Kg7 36. Qxg5 Re1+ 37. Kg2 Re2 38. Nf5+ Kf7 39. Kf1 Rb2 40. Nh6+ Kg7 41. Nf5+ Kf7 42. Qc1 Ra2 43. Qb1 Rd2 44. Qe1 gxf5 45. Qxd2 fxg4 46. hxg4 Ke6 47. Qe2+ Kf7 48. Qxb5 Bd8 49. Kg2 Rf4 50. Qd5+ Kg7 51. Kg3 1-0


[Site "http://www.Chess.com"]

[Event "FIDE World Rapid Chess Championship 2021"]
[White "Jumabayev, Rinat"]
[Black "Dziuba, Marcin"]
[WhiteFideId "13702661"]
[BlackFideId "1112953"]
[WhiteElo "2562"]
[BlackElo "2424"]
[Result "1/2-1/2"]
[Round "12"]
[TimeControl "900+10"]
[Date "2021.12.28"]
[WhiteClock "0:00:34"]
[BlackClock "0:00:12"]

1. d4 d5 2. Bf4 c5 3. e3 Nc6 4. c3 cxd4 5. exd4 Bf5 6. Qb3 Qd7 7. Nf3 e6 8. Nbd2 f6 9. h4 h5 10. Be2 Nge7 11. O-O Bg4 12. Rfe1 Nf5 13. Bd3 O-O-O 14. a4 Bd6 15. Bxd6 Qxd6 16. a5 Kb8 17. Qa3 Qxa3 18. Rxa3 Rhe8 19. g3 e5 20. dxe5 fxe5 21. Bb5 e4 22. Nh2 Bh3 23. a6 Nd6 24. Be2 e3 25. fxe3 Rxe3 26. Kf2 Rde8 27. Raa1 g6 28. axb7 d4 29. Bf3 Ne5 30. Rxe3 dxe3+ 31. Kxe3 Nec4+ 32. Kf4 Nxd2 33. Bc6 Rf8+ 34. Kg5 Bf5 35. Rd1 N2e4+ 36. Kh6 Kc7 37. Bd5 Nxg3 38. Ra1 Kb8 39. Nf3 Nxb7 40. Ne5 Nd8 41. Ra6 Re8 42. Nxg6 Be6 43. Bf3 Bc8 44. Rf6 Re6 45. Rxe6 Bxe6 46. Nf4 Bg4 47. Bxg4 hxg4 48. Kg5 Ne4+ 49. Kxg4 Kc7 50. h5 Kd6 51. Kf5 Ng3+ 52. Kf6 Nxh5+ 53. Nxh5 a5 54. Nf4 a4 55. Kf5 Kc5 56. Ke4 Kc4 57. Nd5 Kb3 58. Nb6 Kxb2 59. Nxa4+ Kb3 1/2-1/2


[Site "http://www.Chess.com"]

[Event "FIDE World Rapid Chess Championship 2021"]
[White "Erigaisi, Arjun"]
[Black "Klekowski, Maciej"]
[WhiteFideId "35009192"]
[BlackFideId "1132717"]
[WhiteElo "2397"]
[BlackElo "2528"]
[Result "1-0"]
[Round "12"]
[TimeControl "900+10"]
[Date "2021.12.28"]
[WhiteClock "0:00:43"]
[BlackClock "0:00:39"]

1. e4 c5 2. Nf3 Nc6 3. Bb5 g6 4. O-O Bg7 5. Bxc6 bxc6 6. d3 d6 7. e5 dxe5 8. Re1 f6 9. b3 Nh6 10. Nc3 Nf5 11. Ba3 Nd4 12. h3 Ne6 13. Na4 c4 14. dxc4 Qxd1 15. Raxd1 Nf4 16. Bc1 Ne6 17. Nd2 Kf7 18. Ne4 g5 19. f3 h5 20. Kf2 Nf4 21. Nac5 g4 22. Bxf4 exf4 23. Nd7 gxh3 24. gxh3 h4 25. Nec5 Bh6 26. Re6 Rg8 27. Rde1 Rg3 28. Rxe7+ Kg6 29. Ne4 Rxh3 30. Kg2 Rg3+ 31. Nxg3 fxg3 32. Re8 Bf4 33. Rh1 Bg5 34. c5 Kf5 35. a4 Bb7 36. Rxa8 Bxa8 37. Re1 Bb7 38. Re8 Kf4 39. Re4+ Kf5 40. c4 a5 41. Nb6 Ba6 42. Kh3 Bb7 43. Rg4 Be3 44. Rxh4 Bxc5 45. Rh5+ 1-0


[Site "http://www.Chess.com"]

[Event "FIDE World Rapid Chess Championship 2021"]
[White "Thybo, Jesper Sondergaard"]
[Black "Michalik, Peter"]
[WhiteFideId "1438832"]
[BlackFideId "14907526"]
[WhiteElo "2401"]
[BlackElo "2515"]
[Result "0-1"]
[Round "12"]
[TimeControl "900+10"]
[Date "2021.12.28"]
[WhiteClock "0:01:24"]
[BlackClock "0:05:01"]

1. d4 Nf6 2. c4 e6 3. g3 d5 4. Nf3 Bb4+ 5. Bd2 Be7 6. Bg2 O-O 7. O-O Nbd7 8. b4 Ne4 9. Qb3 c6 10. a4 f5 11. a5 g5 12. Bc1 g4 13. Ne1 Bf6 14. Bb2 b5 15. cxb5 cxb5 16. Nd3 Bg7 17. Nc5 Ndf6 18. a6 h5 19. Qd3 Rb8 20. Nc3 Bd7 21. Bc1 Nxc5 22. dxc5 d4 23. Nb1 e5 24. e3 Be6 25. exd4 Bc4 26. Qxf5 Qxd4 27. Ra3 Bxf1 28. Bxf1 Ne4 29. Qe6+ Kh8 30. Be3 Qxb4 31. Rb3 Nxc5 32. Rxb4 Nxe6 33. Bxa7 Ra8 34. Be3 Nd4 35. Bxd4 exd4 36. Rxb5 Rxa6 37. Rxh5+ Rh6 38. Rxh6+ Bxh6 39. Na3 d3 40. Nc4 d2 41. Be2 Rb8 0-1


[Site "http://www.Chess.com"]

[Event "FIDE World Rapid Chess Championship 2021"]
[White "Kanarek, Marcel"]
[Black "Lima, Darcy"]
[WhiteFideId "1126822"]
[BlackFideId "2100045"]
[WhiteElo "2296"]
[BlackElo "2505"]
[Result "1-0"]
[Round "12"]
[TimeControl "900+10"]
[Date "2021.12.28"]
[WhiteClock "0:00:31"]
[BlackClock "0:00:00"]

1. e4 e5 2. Nf3 Nc6 3. Bb5 Bc5 4. c3 Nf6 5. d3 O-O 6. O-O d6 7. Bxc6 bxc6 8. Be3 Bxe3 9. fxe3 c5 10. Nbd2 a5 11. d4 Ng4 12. Re1 cxd4 13. exd4 f6 14. h3 Nh6 15. Nf1 Be6 16. Ng3 Nf7 17. b3 c6 18. c4 Qb6 19. Kh1 c5 20. dxe5 dxe5 21. Nf1 Nd8 22. Ne3 Rf7 23. Nd5 Qb8 24. Rb1 Nc6 25. a3 Rb7 26. Re3 Qf8 27. a4 Rab8 28. Rc1 Nd4 29. Nxd4 cxd4 30. Rg3 Rc8 31. Qd2 Rc5 32. Rf1 Kh8 33. h4 Bxd5 34. exd5 Rb6 35. Qe2 Rc7 36. Qxe5 Rcb7 37. Qxd4 Qb8 38. Re3 Rxb3 39. Rxb3 Rxb3 40. d6 Qd8 41. Re1 h6 42. d7 Kh7 43. Qe4+ 1-0


[Site "http://www.Chess.com"]

[Event "FIDE World Rapid Chess Championship 2021"]
[White "Teclaf, Pawel"]
[Black "Gajewski, Grzegorz"]
[WhiteFideId "1185934"]
[BlackFideId "1116207"]
[WhiteElo "2345"]
[BlackElo "2496"]
[Result "1/2-1/2"]
[Round "12"]
[TimeControl "900+10"]
[Date "2021.12.28"]
[WhiteClock "0:00:41"]
[BlackClock "0:00:26"]

1. c4 e5 2. d3 Nf6 3. Nf3 Bb4+ 4. Bd2 Bxd2+ 5. Nbxd2 Qe7 6. e3 O-O 7. Be2 d5 8. cxd5 Nxd5 9. O-O c5 10. Rc1 b6 11. Nc4 Nc6 12. d4 cxd4 13. exd4 e4 14. Nfe5 Nxe5 15. dxe5 Nf4 16. Qd2 Qg5 17. g3 Nxe2+ 18. Qxe2 Bh3 19. Rfe1 b5 20. Nd6 Qxe5 21. Nxe4 Rfe8 22. Nc3 Qxe2 23. Rxe2 b4 24. Rxe8+ Rxe8 25. Nd5 a5 26. f3 Be6 27. Nc7 Rc8 28. a3 bxa3 29. bxa3 Bb3 30. Kf2 a4 31. Rc3 f6 32. Ke2 Kf7 33. Kd2 g5 34. Nb5 Rxc3 35. Nxc3 Ke6 36. Ke3 Ke5 37. h4 gxh4 38. gxh4 Kf5 39. Ne2 Bd5 40. Ng3+ Ke5 41. f4+ Kd6 42. Kd4 Bc6 43. Kc4 Ke6 44. Kd4 Bf3 45. Kc5 Bd1 46. Kd4 Bc2 47. Kc5 Bb3 48. Kd4 Bd1 49. Ke4 1/2-1/2


[Site "http://www.Chess.com"]

[Event "FIDE World Rapid Chess Championship 2021"]
[White "Zilka, Stepan"]
[Black "Saraci, Nderim"]
[WhiteFideId "315303"]
[BlackFideId "6351921"]
[WhiteElo "2474"]
[BlackElo "2414"]
[Result "1-0"]
[Round "12"]
[TimeControl "900+10"]
[Date "2021.12.28"]
[WhiteClock "0:00:00"]
[BlackClock "0:00:00"]

1. e4 e5 2. Nf3 Nc6 3. Bc4 Bc5 4. c3 Nf6 5. d3 O-O 6. O-O d6 7. h3 h6 8. Re1 a5 9. Bb3 Ba7 10. d4 Re8 11. Bc2 Nh7 12. Be3 Qf6 13. Na3 Ne7 14. dxe5 dxe5 15. Bxa7 Rxa7 16. Nb5 Nc6 17. Nxa7 Nxa7 18. Re3 Nf8 19. Qf1 Bd7 20. Rd1 Nc8 21. Qc4 Qb6 22. Bb3 Re7 23. Qe2 Nd6 24. Qc2 Qa6 25. a4 Qb6 26. Ba2 Bc6 27. Bd5 Bd7 28. Kh2 Qc5 29. Ba2 Bc6 30. Bd5 Bd7 31. g3 Nh7 32. Nd2 Nf6 33. Nb3 Qa7 34. Nc1 Qc5 35. Kg2 Qa7 36. Re2 Qb8 37. f3 Qe8 38. Bb3 Bc6 39. c4 b6 40. c5 Nb7 41. cxb6 cxb6 42. Na2 Nc5 43. Nc3 Nfd7 44. Red2 Qc8 45. Bd5 Re8 46. Bxc6 Qxc6 47. Nb5 Qg6 48. Rxd7 1-0


[Site "http://www.Chess.com"]

[Event "FIDE World Rapid Chess Championship 2021"]
[White "Petrovskyi, Vadym"]
[Black "Sychev, Klementy"]
[WhiteFideId "14165210"]
[BlackFideId "4114060"]
[WhiteElo "2282"]
[BlackElo "2461"]
[Result "0-1"]
[Round "12"]
[TimeControl "900+10"]
[Date "2021.12.28"]
[WhiteClock "0:03:31"]
[BlackClock "0:01:19"]

1. e4 e5 2. Nf3 Nc6 3. d4 exd4 4. Bc4 Bb4+ 5. c3 dxc3 6. O-O Nf6 7. bxc3 Bc5 8. e5 d5 9. Bb3 Ng4 10. Bg5 Be7 11. Bxe7 Nxe7 12. Nd4 Nxe5 13. Re1 N5g6 14. h4 O-O 15. h5 Nf4 16. h6 Neg6 17. hxg7 Kxg7 18. Qf3 Qg5 19. g3 Bd7 20. Na3 c5 21. Ndb5 Bc6 22. Kf1 Ne6 23. Nd6 Rad8 24. Nf5+ Kh8 25. Bc2 d4 26. Be4 d3 27. Nc4 d2 28. Red1 Bb5 29. Ne3 f5 30. Bd5 f4 31. gxf4 Rxf4 32. Qh3 Rxd5 33. Qxe6 Rxc4 34. Qc8+ Rd8 35. Qxb7 Rb4+ 0-1


[Site "http://www.Chess.com"]

[Event "FIDE World Rapid Chess Championship 2021"]
[White "Kantor, Gergely"]
[Black "Vastrukhin, Oleg"]
[WhiteFideId "751499"]
[BlackFideId "4192770"]
[WhiteElo "2454"]
[BlackElo "2382"]
[Result "0-1"]
[Round "12"]
[TimeControl "900+10"]
[Date "2021.12.28"]
[WhiteClock "0:01:14"]
[BlackClock "0:09:29"]

1. e4 e6 2. d4 d5 3. Nc3 Bb4 4. Ne2 dxe4 5. a3 Bxc3+ 6. Nxc3 Nc6 7. Bf4 Nge7 8. Nxe4 O-O 9. c3 Ng6 10. Be3 e5 11. d5 Nce7 12. d6 Nf5 13. Bc5 b6 14. d7 Bb7 15. Bxf8 Bxe4 16. Bd3 Bxg2 17. Rg1 Nfh4 18. Rxg2 Nxg2+ 19. Kf1 N2f4 20. Be4 Nxf8 21. Bxa8 Qxa8 22. f3 Nxd7 23. Kf2 Nc5 24. Qd2 Nb3 25. Qd1 Nxa1 26. Qxa1 Qd5 27. Kg3 h5 28. Qf1 Qd3 29. Qe1 Qg6+ 30. Kf2 Nd3+ 0-1


[Site "http://www.Chess.com"]

[Event "FIDE World Rapid Chess Championship 2021"]
[White "Klimkowski, Jan"]
[Black "Postny, Evgeny"]
[WhiteFideId "21856222"]
[BlackFideId "2804344"]
[WhiteElo "2211"]
[BlackElo "2454"]
[Result "0-1"]
[Round "12"]
[TimeControl "900+10"]
[Date "2021.12.28"]
[WhiteClock "0:01:09"]
[BlackClock "0:02:56"]

1. e4 e5 2. Nf3 Nc6 3. Bb5 a6 4. Ba4 Nf6 5. O-O Be7 6. Re1 b5 7. Bb3 d6 8. c3 Na5 9. Bc2 c5 10. d4 Qc7 11. h3 Bd7 12. d5 O-O 13. b3 Rfb8 14. Be3 Ne8 15. Nbd2 c4 16. b4 Nb7 17. a4 Nd8 18. axb5 axb5 19. Qc1 Qc8 20. Nf1 Rxa1 21. Qxa1 Ra8 22. Qb2 f5 23. exf5 Bxf5 24. Ng3 Bxc2 25. Qxc2 Nf6 26. Rd1 Qb7 27. Ng5 g6 28. Qd2 Nf7 29. N5e4 Ne8 30. f4 exf4 31. Bxf4 Bf8 32. Ng5 Nxg5 33. Bxg5 Bg7 34. Ne2 Nf6 35. Qf4 Qb6+ 36. Kh1 Rf8 37. Bxf6 Bxf6 38. Qe4 Be5 39. Nd4 Rf4 40. Qe2 Qb7 41. Nc6 Rf5 42. Ra1 Qg7 43. Ra7 Rf7 44. Rxf7 0-1


[Site "http://www.Chess.com"]

[Event "FIDE World Rapid Chess Championship 2021"]
[White "Costachi, Mihnea"]
[Black "Szpar, Milosz"]
[WhiteFideId "1217518"]
[BlackFideId "1184989"]
[WhiteElo "2443"]
[BlackElo "2315"]
[Result "1-0"]
[Round "12"]
[TimeControl "900+10"]
[Date "2021.12.28"]
[WhiteClock "0:01:40"]
[BlackClock "0:01:04"]

1. d4 Nf6 2. c4 e6 3. Nf3 c5 4. d5 d6 5. Nc3 exd5 6. cxd5 g6 7. Nd2 Nbd7 8. e4 Bg7 9. Be2 O-O 10. O-O Re8 11. h3 a6 12. a4 b6 13. Re1 Rb8 14. Ra2 h6 15. b3 g5 16. Bb2 Ne5 17. Nc4 Nxc4 18. Bxc4 g4 19. Bf1 gxh3 20. gxh3 Re5 21. f4 Rh5 22. Qf3 Rh4 23. Ne2 b5 24. axb5 Rxb5 25. Ng3 Rb4 26. Ba3 Rd4 27. Rh2 Qa5 28. b4 cxb4 29. Bb2 b3 30. Rc1 Bg4 31. hxg4 Rxh2 32. Bxd4 Rd2 33. g5 Rxd4 34. gxf6 b2 35. Qg4 1-0


[Site "http://www.Chess.com"]

[Event "FIDE World Rapid Chess Championship 2021"]
[White "Nguyen, Thai Dai Van"]
[Black "Blohberger, Felix"]
[WhiteFideId "358878"]
[BlackFideId "1632051"]
[WhiteElo "2488"]
[BlackElo "2409"]
[Result "0-1"]
[Round "12"]
[TimeControl "900+10"]
[Date "2021.12.28"]
[WhiteClock "0:00:29"]
[BlackClock "0:00:00"]

1. d4 Nf6 2. c4 e6 3. Nf3 Bb4+ 4. Bd2 a5 5. g3 b6 6. Bg2 Bb7 7. O-O Bxd2 8. Qxd2 O-O 9. Nc3 Ne4 10. Nxe4 Bxe4 11. Qe3 Bb7 12. Qd3 g6 13. d5 Na6 14. e4 Nc5 15. Qc2 d6 16. h4 e5 17. Ne1 f5 18. exf5 gxf5 19. Nd3 Nxd3 20. Qxd3 Qf6 21. Qc3 f4 22. Rae1 Qg7 23. Kh2 Bc8 24. Rg1 Kh8 25. Be4 Qh6 26. Rg2 Bg4 27. Rh1 Rf6 28. Qc1 Raf8 29. Qc3 Qh5 30. Re1 Qf7 31. Kg1 Bh3 32. g4 Bxg2 33. Kxg2 f3+ 34. Kh3 Rf4 35. Qd3 h5 36. Rg1 Rxg4 37. Rxg4 hxg4+ 38. Kxg4 Qg7+ 39. Bg6 Rf4+ 40. Kg3 Qf6 0-1


[Site "http://www.Chess.com"]

[Event "FIDE World Rapid Chess Championship 2021"]
[White "Janik, Igor"]
[Black "Van Foreest, Lucas"]
[WhiteFideId "1159259"]
[BlackFideId "1039792"]
[WhiteElo "2462"]
[BlackElo "2374"]
[Result "0-1"]
[Round "12"]
[TimeControl "900+10"]
[Date "2021.12.28"]
[WhiteClock "0:05:43"]
[BlackClock "0:09:34"]

1. Nf3 d5 2. b3 Bg4 3. Bb2 Nd7 4. d4 e6 5. Nbd2 c6 6. g3 Bd6 7. e4 Ne7 8. Bg2 c5 9. exd5 Nxd5 10. Ne4 Be7 11. c4 N5f6 12. Nxc5 Nxc5 13. dxc5 Qc7 14. h3 Bf5 15. Nd4 Qa5+ 16. Qd2 Qxd2+ 17. Kxd2 O-O-O 18. Ke2 Bxc5 19. Nxf5 exf5 20. Rhd1 Rhe8+ 21. Kf1 Ne4 22. Bxe4 fxe4 23. Bxg7 Rxd1+ 24. Rxd1 e3 25. fxe3 Rxe3 26. Rd5 b6 27. Be5 a5 28. Bf4 Rf3+ 29. Ke1 a4 30. bxa4 Ra3 31. Rf5 Rxa2 32. Rxf7 h5 33. Rc7+ Kd8 34. Rh7 Rxa4 35. Rxh5 Rxc4 36. Ke2 b5 37. Be3 Bd6 38. g4 b4 39. Bd2 Ke7 40. Rb5 Ke6 41. Kd3 Rc8 42. h4 Rg8 43. g5 Rh8 44. Be1 Rf8 45. Rb6 Rf3+ 46. Ke2 Rb3 47. g6 Rd3 48. Bxb4 Rd2+ 49. Kxd2 Kf6 50. Rxd6+ Kg7 51. Bc3+ Kh6 52. g7+ Kh7 53. Rh6+ Kg8 54. Rh8+ Kf7 55. Rf8+ Ke7 56. g8=N+ Kd7 57. Rf6 Kc7 58. Ne7 Kd7 59. Nd5 Kd8 60. Rf7 Kc8 61. Be5 Kd8 62. Bc7+ Kc8 63. Bb6 Kb8 64. Nb4 Ka8 65. Rc7 Kb8 66. Na6+ Ka8 67. Ra7# 0-1


[Site "http://www.Chess.com"]

[Event "FIDE World Rapid Chess Championship 2021"]
[White "Jakubowski, Krzysztof"]
[Black "Cuenca Jimenez, Jose Fernando"]
[WhiteFideId "1112848"]
[BlackFideId "2255570"]
[WhiteElo "2399"]
[BlackElo "2421"]
[Result "1/2-1/2"]
[Round "12"]
[TimeControl "900+10"]
[Date "2021.12.28"]
[WhiteClock "0:01:02"]
[BlackClock "0:00:46"]

1. e4 e5 2. Nf3 Nc6 3. Bc4 Nf6 4. d3 h6 5. O-O d6 6. c3 g5 7. a4 Bg7 8. a5 a6 9. Nbd2 O-O 10. Bb3 Ne7 11. Nc4 Ng6 12. Re1 Re8 13. Ba4 Re7 14. Nfd2 d5 15. Ne3 d4 16. cxd4 exd4 17. Nec4 b5 18. axb6 cxb6 19. Bb3 b5 20. Na5 Ne5 21. Nf1 Rc7 22. Qe2 Bd7 23. Bd2 Rac8 24. Ng3 Be6 25. h3 Ng6 26. Nf5 Bxf5 27. exf5 Nh4 28. g3 Nxf5 29. Qf3 Qd7 30. Re5 Nd6 31. Bb4 Nde8 32. Kg2 g4 33. hxg4 Qxg4 34. Rae1 Qxf3+ 35. Kxf3 Bf8 36. Bxf8 Kxf8 37. Rf5 Kg7 38. Rf4 Rd8 39. Re5 Rdd7 40. g4 Rd6 41. g5 hxg5 42. Rxg5+ Kf8 43. Rgf5 Ke7 44. Re5+ Kd8 45. Ba2 Kc8 46. Bxf7 Rxf7 47. Rxe8+ Kc7 48. Ra8 Kb6 49. b4 Rh7 50. Rb8+ Ka7 51. Rf8 Nd7 52. R8f7 Rxf7 53. Rxf7 Kb8 54. Ke4 Kc8 55. Nb3 Kd8 56. Nxd4 Nf6+ 57. Ke5 Rd5+ 58. Kxf6 Rxd4 59. Ra7 Rxb4 60. Ke5 Ra4 61. f4 b4 62. f5 Ra1 63. f6 Ke8 64. f7+ Kf8 65. Kf6 Rf1+ 66. Ke6 Re1+ 67. Kf6 Rf1+ 68. Ke6 Re1+ 1/2-1/2


[Site "http://www.Chess.com"]

[Event "FIDE World Rapid Chess Championship 2021"]
[White "Nasuta, Grzegorz"]
[Black "Dvirnyy, Danyyil"]
[WhiteFideId "1141686"]
[BlackFideId "817570"]
[WhiteElo "2345"]
[BlackElo "2550"]
[Result "1-0"]
[Round "12"]
[TimeControl "900+10"]
[Date "2021.12.28"]
[WhiteClock "0:00:37"]
[BlackClock "0:00:20"]

1. e4 e5 2. Nf3 Nc6 3. Bb5 a6 4. Ba4 Nf6 5. O-O Be7 6. d3 b5 7. Bb3 O-O 8. a4 b4 9. Re1 d6 10. Nbd2 Be6 11. h3 Rb8 12. Nc4 Nd7 13. Be3 Bf6 14. a5 Nd4 15. Bxd4 exd4 16. Ncd2 Nc5 17. Bxe6 Nxe6 18. Nc4 g6 19. e5 dxe5 20. Nfxe5 Qd5 21. b3 Rfe8 22. Qg4 h5 23. Qe4 Qxe4 24. Rxe4 Nc5 25. Re2 Re6 26. Rae1 Rb5 27. Kf1 Kg7 28. g3 Nb7 29. f4 Nxa5 30. Ra1 Nb7 31. Nd7 Rxe2 32. Kxe2 a5 33. Kf3 Bd8 34. Nde5 Rc5 35. Ke4 f6 36. Nd7 Rb5 37. Kxd4 Kf7 38. Nb8 Rc5 39. Nd7 Rb5 40. Nb8 Rc5 41. g4 Be7 42. Ke3 Rd5 43. Nc6 Bc5+ 44. d4 Bb6 45. Ke4 Rb5 46. f5 gxf5+ 47. gxf5 Ke8 48. Rg1 Nd6+ 49. Nxd6+ cxd6 50. Rg7 Kf8 51. Rb7 d5+ 52. Kd3 Ke8 53. Na7 1-0


[Site "http://www.Chess.com"]

[Event "FIDE World Rapid Chess Championship 2021"]
[White "Carlsson, Pontus"]
[Black "Toczek, Grzegorz"]
[WhiteFideId "1705814"]
[BlackFideId "1106457"]
[WhiteElo "2436"]
[BlackElo "2220"]
[Result "1-0"]
[Round "12"]
[TimeControl "900+10"]
[Date "2021.12.28"]
[WhiteClock "0:00:17"]
[BlackClock "0:00:10"]

1. e4 e5 2. Nf3 Nc6 3. d4 exd4 4. Nxd4 Nf6 5. Nc3 Bb4 6. Nxc6 bxc6 7. Bd3 d5 8. exd5 Qe7+ 9. Qe2 Qxe2+ 10. Kxe2 cxd5 11. Nb5 Kd8 12. Rd1 c6 13. Nd4 Bd7 14. c4 Re8+ 15. Kf1 Ke7 16. Bg5 h6 17. Bh4 g5 18. Bg3 Nh5 19. cxd5 cxd5 20. Bb5 Nxg3+ 21. hxg3 Rab8 22. Bxd7 Kxd7 23. Rd3 Bc5 24. Nb3 Kd6 25. Rad1 Re5 26. Nd2 Rf5 27. Ne4+ Kc6 28. Nxc5 Kxc5 29. Rc3+ Kd6 30. Rd2 Re5 31. Ra3 Rbe8 32. f3 R8e7 33. Ra6+ Kc5 34. Rxh6 Re1+ 35. Kf2 Ra1 36. g4 Rxa2 37. b4+ 1-0


[Site "http://www.Chess.com"]

[Event "FIDE World Rapid Chess Championship 2021"]
[White "Dragnev, Valentin"]
[Black "Krasenkow, Michal"]
[WhiteFideId "1634852"]
[BlackFideId "1113100"]
[WhiteElo "2409"]
[BlackElo "2430"]
[Result "1/2-1/2"]
[Round "12"]
[TimeControl "900+10"]
[Date "2021.12.28"]
[WhiteClock "0:00:17"]
[BlackClock "0:07:58"]

1. e4 g6 2. d4 Bg7 3. Nf3 d6 4. Be3 Nf6 5. Nc3 c6 6. h3 O-O 7. a4 a5 8. Be2 Na6 9. O-O Nb4 10. Re1 Qc7 11. Qd2 b6 12. Bf1 Bb7 13. Rad1 Rad8 14. Bf4 Nd7 15. Bg5 f6 16. Bf4 e5 17. Bh2 Kh8 18. Nb1 d5 19. exd5 Nxd5 20. dxe5 Nxe5 21. Nxe5 fxe5 22. Nc3 Nf4 23. Qe3 c5 24. Nb5 Qb8 25. c3 Bc6 26. Bxf4 exf4 27. Qe6 Rf6 28. Rxd8+ Qxd8 29. Qe7 Qxe7 30. Rxe7 h5 31. Bc4 g5 32. Re5 Bh6 33. Bd5 Bd7 34. Re7 Bf5 35. Nc7 g4 36. hxg4 hxg4 37. Ne8 Rg6 38. Be4 Re6 39. Rxe6 Bxe6 40. Nc7 Bb3 41. Bc6 f3 42. gxf3 gxf3 43. Na8 Bc1 44. Nxb6 Bxb2 45. c4 Bd1 46. Kh2 Be2 47. Kg3 Be5+ 48. Kg4 Bc7 49. Nd5 Be5 50. Nb6 Bc7 51. Nd7 Bxc4 52. Nxc5 Bb6 53. Ne4 Bd3 54. Kxf3 Bxe4+ 55. Bxe4 Kg7 1/2-1/2


[Site "http://www.Chess.com"]